 Dungeon Crawl Stone Soup version 0.24-a0-333-g864f2b5 (webtiles) character file.

Game seed: 10656342703425798075

244886 Borgoz the Fencer (level 19, -4/179 HPs)
             Began as a Hill Orc Gladiator on May 16, 2019.
             Was the Champion of Ashenzari.
             Killed from afar by a shock serpent (13 damage)
             ... with a bolt of electricity
             ... on level 4 of the Snake Pit on May 17, 2019.
             The game lasted 02:10:39 (41662 turns).

Borgoz the Fencer (Hill Orc Gladiator)             Turns: 41662, Time: 02:10:40

Health: -4/179     AC: 31    Str: 31    XL:     19   Next: 46%
Magic:  0/24       EV: 15    Int:  8    God:    Ashenzari [******]
Gold:   1924       SH:  0    Dex: 18    Spells: 18/18 levels left

rFire    + . .     SeeInvis +   a - +4 great sword (drain) (curse)
rCold    + + .     Gourm    .   (shield currently unavailable)
rNeg     . . .     Faith    .   G - +1 gold dragon scales of Zaechurgh {rPois rF+ rC+ Regen+ Str+2 SInv}
rPois    .         Spirit   +   K - +2 helmet {SInv}
rElec    .         Reflect  .   w - scarf {Spirit} (curse)
rCorr    .         Harm     .   E - +2 pair of gloves {Str+3}
MR       +....     Clarity  +   h - +0 pair of boots (curse)
Stlth    ..........             d - amulet of guardian spirit (curse)
HPRegen  0.79/turn              x - +5 ring of strength
MPRegen  0.19/turn              s - ring of protection from cold

@: poison vulnerable, very slightly contaminated
A: screaming 1, strong 1, MP-powered wands
}: 2/15 runes: decaying, abyssal
a: Curse Item, Scrying, Transfer Knowledge, Renounce Religion


You were on level 4 of the Snake Pit.
You worshipped Ashenzari.
Ashenzari was exalted by your worship.
You were not hungry.

You visited 7 branches of the dungeon, and saw 33 of its levels.
You visited the Abyss 1 time.
You also visited: Ice Cave.

You collected 3896 gold pieces.
You spent 1972 gold pieces at shops.

Inventory:

Hand Weapons
 a - a cursed +4 great sword of draining (weapon)
 b - a +4 falchion of flaming
 A - a +2 scimitar of holy wrath
Armour
 h - a cursed +0 pair of boots (worn)
 i - the +8 chain mail of Eternal Night {MR+ Slay+3}
   (You found it on level 1 of the Lair of Beasts)

   It affects your accuracy and damage with ranged weapons and melee attacks
   (+3).
   It affects your resistance to hostile enchantments.
 w - a cursed scarf of spirit shield (worn)
 E - a +2 pair of gloves of strength (worn)
 G - the +1 gold dragon scales of Zaechurgh (worn) {rPois rF+ rC+ Regen+ Str+2 SInv}
   (You found it in an ice cave)

   It affects your strength (+2).
   It protects you from fire.
   It protects you from cold.
   It protects you from poison.
   It lets you see invisible.
   It increases your rate of regeneration.
 I - the +8 chain mail "Veugowuru" {-Cast rElec Int+3 Slay+5}
   (You bought it in a shop on level 2 of the Orcish Mines)

   It affects your intelligence (+3).
   It affects your accuracy and damage with ranged weapons and melee attacks
   (+5).
   It insulates you from electricity.
   It prevents spellcasting.
 K - a +2 helmet of see invisible (worn)
 M - +0 acid dragon scales
Jewellery
 c - a cursed +4 amulet of reflection
 d - a cursed amulet of guardian spirit (around neck)
 j - an uncursed ring of flight
 q - a +4 ring of evasion
 s - a ring of protection from cold (right hand)
 t - the ring "Anly" {+Fly rF+++ rC- AC+1 Int-2}
   (You found it on level 9 of the Dungeon)

   [ring of protection]

   It affects your AC (+1).
   It affects your intelligence (-2).
   It renders you almost immune to fire.
   It makes you vulnerable to cold.
   It lets you fly.
 v - a +2 ring of slaying
 x - a +5 ring of strength (left hand)
 J - the amulet "Gimuz" {Inacc Str+4 Int+2}
   (You found it on level 1 of the Snake Pit)

   [amulet of inaccuracy]

   It reduces the accuracy of all your attacks.
   It affects your strength (+4).
   It affects your intelligence (+2).
 Q - an uncursed ring of resist corrosion
 S - an uncursed amulet of rage
 W - an uncursed amulet of faith
 Y - an uncursed ring of protection from cold
Wands
 e - a wand of flame (3)
 u - a wand of acid (24)
 D - a wand of disintegration (10)
 L - a wand of digging (6)
 O - a wand of iceblast (5)
Scrolls
 g - 9 scrolls of identify
 k - a scroll of brand weapon
 l - a scroll of teleportation
 m - 2 scrolls of enchant armour
 n - 2 scrolls of fear
 o - 19 scrolls of remove curse
 r - 3 scrolls of amnesia
 y - 5 scrolls of fog
 F - 5 scrolls of magic mapping
 N - a scroll of holy word
 T - a scroll of summoning
Potions
 p - 8 potions of curing
 z - a potion of mutation
 B - 11 potions of flight
 H - a potion of invisibility
 P - 3 potions of haste
 R - 4 potions of lignification
 U - 3 potions of ambrosia
 V - a potion of resistance
 X - a potion of magic
Comestibles
 f - 59 rations


   Skills:
 * Level 17.8 Fighting
 + Level 20.3(25.0) Long Blades
 - Level 1.7 Throwing
 * Level 16.5 Armour
 * Level 13.4 Dodging
 - Level 5.0 Stealth
 + Level 7.7 Evocations


You had 18 spell levels left.
You didn't know any spells.
Your spell library contained the following spells:

 Spells                   Type           Power        Failure   Level  Hunger
 Animate Skeleton         Necr           N/A          99%         1    ##.....
 Apportation              Tloc           #.....       99%         1    ##.....
 Beastly Appendage        Tmut           #.....       99%         1    ##.....
 Confusing Touch          Hex            #.....       99%         1    ##.....
 Corona                   Hex            #......      99%         1    ##.....
 Flame Tongue             Conj/Fire      #....        99%         1    ##.....
 Magic Dart               Conj           #...         99%         1    ##.....
 Pain                     Necr           #...         99%         1    ##.....
 Summon Butterflies       Summ           #.......     99%         1    ##.....
 Blink                    Tloc           N/A          100%        2    ###....
 Call Imp                 Summ           #.......     100%        2    ###....
 Ensorcelled Hibernation  Hex/Ice        #.....       100%        2    ###....
 Searing Ray              Conj           #.....       100%        2    ###....
 Slow                     Hex            #.......     100%        2    ###....
 Sticks to Snakes         Tmut           #.......     100%        2    ###....
 Throw Flame              Conj/Fire      #.....       100%        2    ###....
 Confuse                  Hex            #.......     100%        3    ####...
 Conjure Flame            Conj/Fire      #.......     100%        3    ####...
 Dazzling Spray           Conj/Hex       #.....       100%        3    ####...
 Gell's Gravitas          Tloc           #.........   100%        3    ####...
 Inner Flame              Hex/Fire       #.......     100%        3    ####...
 Lesser Beckoning         Tloc           #.........   100%        3    ####...
 Mephitic Cloud           Conj/Pois/Air  #.......     100%        3    ####...
 Regeneration             Chrm/Necr      #.........   100%        3    ####...
 Spider Form              Tmut/Pois      #.........   100%        3    ####...
 Summon Guardian Golem    Hex/Summ       #.......     100%        3    ####...
 Tukima's Dance           Hex            #.......     100%        3    ####...
 Vampiric Draining        Necr           #.........   100%        3    ####...
 Animate Dead             Necr           N/A          100%        4    #####..
 Force Lance              Conj/Tloc      #.......     100%        4    #####..
 Fulminant Prism          Conj/Hex       #.........   100%        4    #####..
 Ice Form                 Ice/Tmut       #.......     100%        4    #####..
 Iskenderun's Mystic Bla  Conj           #.......     100%        4    #####..
 Petrify                  Tmut/Erth      #.......     100%        4    #####..
 Sticky Flame             Conj/Fire      #.......     100%        4    #####..
 Alistair's Intoxication  Tmut/Pois      #.......     100%        5    ######.
 Aura of Abjuration       Summ           #.........   100%        5    ######.
 Blade Hands              Tmut           #.........   100%        5    ######.
 Fireball                 Conj/Fire      #.........   100%        5    ######.
 Metabolic Englaciation   Hex/Ice        #.........   100%        5    ######.
 Yara's Violent Unravell  Hex/Tmut       #.........   100%        5    ######.
 Invisibility             Hex            #.......     100%        6    #######
 Malign Gateway           Summ/Tloc      #.........   100%        7    #######


Dungeon Overview and Level Annotations

Branches:
Dungeon (15/15)            Temple (1/1) D:5            Lair (6/6) D:10
  Swamp (4/4) Lair:3        Snake (4/4) Lair:3        Slime (0/5) Lair:5
    Orc (2/2) D:9             Elf (1/3) Orc:2        Vaults (0/5) D:13
 Depths (0/5) D:15

Altars:
Ashenzari
Cheibriados
Dithmenos
Elyvilon
Fedhas
Gozag
Hepliaklqana
Kikubaaqudgha
Makhleb
Nemelex Xobeh
Okawaru
Qazlal
Ru
Sif Muna
Trog
Uskayaw
Vehumet
Wu Jian
Xom
Yredelemnul
Zin
The Shining One
Beogh
Jiyva

Shops:
D:10 (   Orc:2 [*![   Snake:2 }==

Portals:
Trove: Elf:1 (give horn of Geryon)

Annotations:
Snake:1 2 transporters, Yorgos's ghost, adept SpSk


Innate Abilities, Weirdness & Mutations

You occasionally shout uncontrollably at your foes.
Your muscles are strong. (Str +2)
You expend magic power (3 MP) to strengthen your wands.


Message History

You hear a shout! x4; You hear an angry hiss.
You hear a shout! x3
The naga ritualist spits poison at you.
The splash of poison hits you but does no damage.
You are more poisoned.
A nagaraja comes into view. It is wielding a +0 flail.
A shock serpent comes into view.
A naga mage comes into view. It is wielding a +0 halberd.
You shout at the naga mage!
A salamander mystic comes into view. It is wielding a +0 club.
A mana viper comes into view. x2; A guardian serpent comes into view.
The naga mage moves out of view.
You hear a shout!
The mana viper hisses angrily.
You shout at the naga sharpshooter!
A naga and a naga sharpshooter come into view.
You feel better.
The nagaraja shouts!
You hear an angry hiss.
You hear a shout! x5
A guardian serpent comes into view.
An anaconda comes into view.
The shock serpent shoots out a bolt of lightning at you!
The bolt of electricity hits you!!
You die...

* ,,, , , **#..., , ,
*#.N.* , * ,, *###. , #...
*.,, ,, ##.... ,##...* .. ,
**, * #......{##.NN##... ,
* ,*
######.......##........N, *
*
#...#.......##.......SNN,,,
, * .....N.....##..S@.# ,
,, , *
...N..NN..##...##..#*,,,, ,
*,, ....N().S##...*
,SN.#*,,,, , ,
....NN)..#... { S...#*, *,
* .....N.#N'.N#*


{,SNSSN# , .<.....#,N..#*, {.N...#*,,,, ,* ..##.....#.N.* ,,.N..##,, * ,,,
.######..# N.{ ...##, , *,, * ## ###* . ,** , , ,* , You could see 2 nagarajas,
2 naga sharpshooters, a salamander mystic, 2 anacondas, a naga ritualist, a
shock serpent, a mana viper, 2 guardian serpents, a black mamba, 2 naga magi and
5 nagas.

Vanquished Creatures
  Bai Suzhen (Swamp:4)
  Saint Roka (Orc:2)
  Rupert (Lair:3)
  2 sphinxes (Elf:1)
  3 thorn hunters
  3 nagarajas
  A frost giant (IceCv)
  The ghost of Tunaniex the Severer, a journeyman HOGl of Trog (Orc:1)
  A deep elf sorcerer (Elf:1)
  Louise (Snake:3)
  A deep elf demonologist (Elf:1)
  A dire elephant (Lair:6)
  An ettin (D:13)
  Snorg (Orc:1)
  Josephine (D:12)
  3 fire dragons
  2 ogre magi (Orc:2)
  5 ice dragons
  2 shambling mangroves
  2 catoblepae
  26 hydras
  3 centaur warriors
  5 anacondas
  5 naga warriors
  3 death yaks (Lair:6)
  A deep troll earth mage (D:14)
  2 dancing weapons (Elf:1)
  9 alligators
  10 two-headed ogres
  A tengu warrior (D:14)
  5 shock serpents
  Sonja (Orc:1)
  9 deep elf knights (Elf:1)
  An iron troll (Orc:1)
  9 naga sharpshooters
  7 skeletal warriors
  8 sea snakes (Snake:2)
  A naga ritualist (Snake:4)
  2 salamander mystics
  A deep troll (Orc:2)
  A wizard (D:13)
  2 swamp dragons
  3 spriggan druids (Swamp:4)
  4 deep elf archers (Elf:1)
  The ghost of Sid the Ruffian, a novice TrVM of Uskayaw (D:6)
  An orc knight (D:13)
  7 mana vipers
  2 wolf spider zombies
  4 wolf spiders
  26 deep elf magi
  9 ugly things
  An orc sorcerer (Elf:1)
  4 harpies (Elf:1)
  24 slime creatures
  An oklob plant (Lair:1)
  11 salamanders
  9 cyclopes
  10 elephants (Lair:6)
  9 manticores
  An ice statue (IceCv)
  28 black mambas
  12 naga magi
  24 spiny frogs
  2 guardian serpents (Snake:4)
  A torpor snail (shapeshifter) (D:14)
  3 gargoyles (D:14)
  7 rime drakes
  3 kobold demonologists (D:14)
  8 komodo dragons
  2 efreet
  2 tengu conjurers
  4 freezing wraiths (Swamp:4)
  3 meliai (D:12)
  10 polar bears (IceCv)
  15 trolls
  A jumping spider (shapeshifter) (D:13)
  A troll (shapeshifter) (D:14)
  12 tyrant leeches
  A queen bee (D:12)
  10 hippogriffs
  13 hornets
  4 blink frogs
  4 bog bodies
  5 dream sheep
  A shadow (Swamp:1)
  An air elemental (Elf:1)
  Sigmund (D:2)
  A meliai zombie (D:15)
  52 yaks
  A tarantella (shapeshifter) (D:13)
  2 water elementals
  2 spriggans (Swamp:3)
  A fire elemental (Elf:1)
  2 wyverns
  A steam dragon (D:9)
  4 hungry ghosts
  4 wraiths
  3 basilisks
  4 swamp worm simulacra (Swamp:4)
  34 vampire mosquitoes
  46 nagas
  10 swamp worms
  7 wargs
  23 insubstantial wisps
  16 water moccasins
  2 acid dragons
  3 hell hounds (Elf:1)
  5 porcupines
  Duvessa (D:7)
  14 hydra simulacra (Swamp:4)
  4 ice beasts
  23 orc warriors
  10 swamp drakes
  4 sky beasts
  5 phantoms
  A necrophage (D:8)
  A wolf (shapeshifter) (D:14)
  29 wolves
  33 ogres
  25 centaurs
  19 crocodiles
  7 big kobolds
  An earth elemental (Elf:1)
  16 bullfrogs
  Dowan (D:7)
  5 scorpions
  21 killer bees
  10 wights
  6 electric eels
  9 howler monkeys
  5 crimson imps
  14 jellies
  A centaur zombie (D:3)
  31 orc wizards
  5 bullfrog skeletons
  6 centaur skeletons
  14 orc priests
  10 hounds
  An iguana (D:6)
  9 worker ants
  A hound zombie (D:8)
  Robin (D:3)
  19 adders
  2 shadow imps
  13 oozes (Lair:4)
  4 swamp drake simulacra (Swamp:4)
  An adder zombie (D:5)
  2 adder skeletons
  2 dart slugs
  7 leopard geckos
  72 orcs
  8 bats
  A giant cockroach (D:6)
  11 goblins
  2 hobgoblins (D:3)
  11 jackals
  20 kobolds
  8 quokkas
  3 ball pythons
  2 frilled lizards
  3 jackal zombies
  3 leopard gecko skeletons
  A quokka skeleton (D:7)
  7 rats
  A briar patch (Swamp:4)
  A bush (Lair:1)
1221 creatures vanquished.

Vanquished Creatures (others)
  2 tentacled monstrosities (Abyss:3)
  An alligator (Swamp:1)
  A tyrant leech (Swamp:4)
  2 polar bears (IceCv)
  A water elemental (D:14)
  2 yaks (IceCv)
  An insubstantial wisp (Swamp:2)
  3 wolves (IceCv)
  An orc wizard (D:9)
  2 kobolds (D:14)
  A briar patch (Swamp:2)
  7 bushes (Lair:1)
  2 fungi (Lair:4)
  3 plants (Snake:2)
29 creatures vanquished.

Grand Total: 1250 creatures vanquished

Notes
Turn   | Place    | Note
-------+----------+-------------------------------------------
     0 | D:1      | Borgoz the Hill Orc Gladiator began the quest for the Orb.
     0 | D:1      | Reached XP level 1. HP: 18/18 MP: 1/1
   254 | D:1      | Found a glowing golden altar of the Shining One.
   765 | D:2      | Reached XP level 2. HP: 25/25 MP: 2/2
   774 | D:2      | Noticed Sigmund
   800 | D:2      | Killed Sigmund
   800 | D:2      | Reached skill level 4 in Long Blades
   800 | D:2      | Reached skill level 1 in Stealth
   800 | D:2      | Reached XP level 3. HP: 12/31 MP: 3/3
   800 | D:2      | Reached XP level 4. HP: 15/38 MP: 4/4
   800 | D:2      | Reached XP level 5. HP: 18/45 MP: 5/5
  1923 | D:3      | Reached XP level 6. HP: 44/51 MP: 6/6
  1930 | D:3      | Reached skill level 5 in Long Blades
  2300 | D:3      | Noticed Robin
  2331 | D:3      | Killed Robin
  2466 | D:4      | Noticed an ice beast
  2475 | D:4      | Killed an ice beast
  2475 | D:4      | Reached XP level 7. HP: 20/59 MP: 2/7
  2866 | D:4      | Reached skill level 6 in Long Blades
  3111 | D:4      | Found a stormy altar of Qazlal.
  3112 | D:4      | Found a blossoming altar of Fedhas.
  3566 | D:5      | Entered Level 5 of the Dungeon
  3649 | D:5      | Reached XP level 8. HP: 38/67 MP: 5/8
  3656 | D:5      | Reached skill level 5 in Fighting
  3990 | D:5      | Found a staircase to the Ecumenical Temple.
  4020 | Temple   | Entered the Ecumenical Temple
  4076 | Temple   | Became a worshipper of Ashenzari the Shackled
  4186 | D:5      | Reached skill level 7 in Long Blades
  4212 | D:5      | Identified the +1 robe of an ossuary {rElec rC- Str+8
                  | Dex+5}
  4700 | D:6      | Found a shadowy altar of Dithmenos.
  5101 | D:6      | Reached XP level 9. HP: 71/75 MP: 9/9
  5119 | D:6      | Reached skill level 8 in Long Blades
  5119 | D:6      | Reached skill level 5 in Armour
  5214 | D:6      | Found a large runed translucent door.
  5214 | D:6      | Found a large runed translucent door.
  5216 | D:6      | Noticed Sid's ghost (novice TrVM)
  6449 | D:7      | Reached * piety under Ashenzari
  6682 | D:7      | Reached skill level 9 in Long Blades
  6682 | D:7      | Reached skill level 5 in Dodging
  6705 | D:7      | Noticed Duvessa
  6705 | D:7      | Noticed Dowan
  6723 | D:7      | Killed Duvessa
  6739 | D:7      | Killed Dowan
  7389 | D:8      | Reached XP level 10. HP: 71/86 MP: 6/10
  7392 | D:8      | Reached skill level 5 in Stealth
  8205 | D:6      | Killed Sid's ghost
  8205 | D:6      | Reached skill level 10 in Long Blades
  8353 | D:9      | Found a staircase to the Orcish Mines.
  8437 | D:9      | Found a roughly hewn altar of Beogh.
  8756 | D:9      | Identified the ring "Anly" {+Fly rF+++ rC- AC+1 Int-2}
  9666 | D:10     | Entered Level 10 of the Dungeon
  9702 | D:10     | Found Hosivi Ezyo's Weapon Emporium.
  9798 | D:10     | Reached skill level 11 in Long Blades
 10179 | D:10     | Reached XP level 11. HP: 28/95 MP: 5/11
 10578 | D:10     | Found a staircase to the Lair.
 11497 | D:11     | Noticed a cyclops
 11519 | D:11     | Killed a cyclops
 12143 | D:11     | Noticed an eight-headed hydra
 12520 | D:10     | Killed an eight-headed hydra
 13348 | D:11     | Noticed a red ugly thing
 13362 | D:11     | Noticed a two-headed ogre
 13378 | D:11     | Killed a red ugly thing
 13408 | D:10     | Reached skill level 12 in Long Blades
 13671 | D:10     | Killed a two-headed ogre
 14316 | D:11     | Noticed a manticore
 14342 | D:11     | Killed a manticore
 14910 | D:12     | Found a frozen archway.
 14912 | D:12     | Noticed a purple ugly thing
 14931 | D:12     | Killed a purple ugly thing
 14947 | IceCv    | Entered an ice cave
 15734 | IceCv    | Reached skill level 1 in Evocations
 15745 | IceCv    | Reached XP level 12. HP: 103/106 MP: 10/12
 15755 | IceCv    | Reached skill level 10 in Fighting
 16249 | IceCv    | Reached skill level 13 in Long Blades
 16448 | IceCv    | Noticed a frost giant
 16464 | IceCv    | Gained mutation: You occasionally shout uncontrollably at
                  | your foes. [potion of mutation]
 16464 | IceCv    | Gained mutation: You expend magic power (3 MP) to
                  | strengthen your wands. [potion of mutation]
 16464 | IceCv    | Gained mutation: Your muscles are strong. (Str +2) [potion
                  | of mutation]
 16497 | IceCv    | Killed a frost giant
 16634 | IceCv    | Got the uncursed ring mail of Fashionability {+Fly rC+
                  | Slay-6}
 16636 | IceCv    | Got the cursed gold dragon scales of Zaechurgh {rPois rF+
                  | rC+ Regen+ Str+2 SInv}
 16690 | IceCv    | Identified the +4 ring mail of Fashionability {+Fly rC+
                  | Slay-6} (You found it in an ice cave)
 17037 | D:12     | Identified the cursed +1 gold dragon scales of Zaechurgh
                  | {rPois rF+ rC+ Regen+ Str+2 SInv} (You found it in an ice
                  | cave)
 17157 | D:12     | Noticed Josephine
 17198 | D:12     | Killed Josephine
 17351 | D:12     | Noticed a four-headed hydra
 17366 | D:12     | Killed a four-headed hydra
 17594 | D:12     | Reached XP level 13. HP: 99/116 MP: 13/16
 17661 | D:12     | Reached skill level 14 in Long Blades
 17661 | D:12     | Reached skill level 10 in Armour
 17988 | D:12     | Identified the +1 scale mail of Cheibriados's Scorn {rF+
                  | rC+ rCorr}
 18312 | D:13     | Reached ** piety under Ashenzari
 18315 | D:13     | Paralysed by a hornet for 1 turns
 18675 | D:13     | Reached skill level 5 in Evocations
 19050 | D:13     | Identified the cursed +1 ring mail "Ywunkeh" {*Corrode
                  | rElec MR- Str+9}
 19329 | D:13     | Found a gate to the Vaults.
 19356 | D:13     | Noticed an ettin
 19441 | D:13     | Killed an ettin
 20511 | D:14     | Reached skill level 15 in Long Blades
 20792 | D:14     | Reached XP level 14. HP: 34/126 MP: 7/17
 21215 | D:14     | Identified a scroll of acquirement
 21385 | Lair:1   | Entered Level 1 of the Lair of Beasts
 21385 | Lair:1   | Identified the +8 chain mail of Eternal Night {MR+ Slay+3}
 22698 | Lair:2   | Found a sparkling altar of Nemelex Xobeh.
 22922 | Lair:2   | Reached *** piety under Ashenzari
 23157 | Lair:3   | Found a staircase to the Snake Pit.
 23373 | Lair:3   | Noticed Rupert
 23382 | Lair:3   | Killed Rupert
 23382 | Lair:3   | Reached skill level 16 in Long Blades
 23843 | Lair:3   | Found a staircase to the Swamp.
 24017 | Lair:4   | Identified the cursed +1 robe "Uzeul" {rF+}
 25138 | Lair:5   | Found a hide-covered altar of Uskayaw.
 25457 | Lair:5   | Found a staircase to the Slime Pits.
 25458 | Lair:5   | Found a viscous altar of Jiyva.
 25726 | Lair:5   | Reached XP level 15. HP: 131/136 MP: 16/18
 25742 | Lair:5   | Found the +8 whip "Snakebite" {curare, rPois}
 26118 | Lair:6   | Entered Level 6 of the Lair of Beasts
 26130 | Lair:6   | Reached skill level 10 in Dodging
 26306 | Lair:6   | Reached skill level 17 in Long Blades
 26664 | Lair:6   | Reached **** piety under Ashenzari
 28704 | D:15     | Entered Level 15 of the Dungeon
 29257 | D:15     | Reached XP level 16. HP: 35/146 MP: 4/19
 29441 | D:15     | Reached skill level 18 in Long Blades
 29590 | D:15     | Found a staircase to the Depths.
 30417 | Orc:1    | Entered Level 1 of the Orcish Mines
 30418 | Orc:1    | Found a runed translucent door.
 30424 | Orc:1    | Noticed Snorg
 30425 | Orc:1    | Noticed Sonja
 30433 | Orc:1    | Killed Snorg
 30436 | Orc:1    | Paralysed by Sonja for 2 turns
 30440 | Orc:1    | Killed Sonja
 30543 | Orc:1    | Noticed Tunaniex's ghost (journeyman HOGl)
 30562 | Orc:1    | Killed Tunaniex's ghost
 30586 | Orc:2    | Entered Level 2 of the Orcish Mines
 30784 | Orc:2    | Noticed Saint Roka
 31197 | Lair:1   | Upgraded the game from 0.24-a0-317-g5cb8de4 to
                  | 0.24-a0-333-g864f2b5
 31276 | Orc:2    | Killed Saint Roka
 31469 | Orc:2    | Reached skill level 15 in Fighting
 31551 | Orc:2    | Found Gal Vuem's Antique Armour Shop.
 31553 | Orc:2    | Found Huud's General Store.
 31554 | Orc:2    | Found Facaeph's Antique Armour Shoppe.
 31554 | Orc:2    | Found Agitta Mumet's Distillery.
 31678 | Orc:2    | Found a staircase to the Elven Halls.
 32184 | Elf:1    | Entered Level 1 of the Elven Halls
 32227 | Orc:2    | Bought a pair of embroidered gloves for 285 gold pieces
 32227 | Orc:2    | Bought an ancient chain mail for 361 gold pieces
 32227 | Orc:2    | Identified the +8 chain mail "Veugowuru" {-Cast rElec Int+3
                  | Slay+5} (You bought it in a shop on level 2 of the Orcish
                  | Mines)
 32233 | Orc:2    | Bought a pitted chain mail for 209 gold pieces
 32233 | Orc:2    | Identified the +4 chain mail of Peek-a-Boo {rElec Str+3
                  | Dex+7 Slay-4} (You bought it in a shop on level 2 of the
                  | Orcish Mines)
 32233 | Orc:2    | Bought a runed helmet for 165 gold pieces
 32242 | Orc:2    | Bought a potion of agility for 56 gold pieces
 32242 | Orc:2    | Bought a potion of haste for 140 gold pieces
 32242 | Orc:2    | Bought a potion of berserk rage for 70 gold pieces
 32242 | Orc:2    | Bought a potion of curing for 42 gold pieces
 32242 | Orc:2    | Bought a potion of agility for 56 gold pieces
 32242 | Orc:2    | Bought 2 potions of lignification for 84 gold pieces
 32242 | Orc:2    | Bought 2 potions of flight for 84 gold pieces
 32273 | Orc:2    | Bought a potion of haste for 140 gold pieces
 32516 | Swamp:1  | Entered Level 1 of the Swamp
 32849 | Elf:1    | Reached skill level 19 in Long Blades
 32910 | Elf:1    | Found a portal to a secret trove of treasure.
 32970 | Elf:1    | Identified the +1 robe "Omuafiss" {rElec rCorr Str+8 Int-5}
 33011 | Elf:1    | Reached XP level 17. HP: 55/156 MP: 8/20
 33455 | Elf:1    | Reached ***** piety under Ashenzari
 33509 | Elf:1    | Identified Mnoleg's Compendium of the Escort
 33712 | Elf:1    | Noticed a sphinx
 33712 | Elf:1    | Noticed a sphinx
 33712 | Elf:1    | Noticed a sphinx
 33737 | Elf:1    | Paralysed by a sphinx for 2 turns
 33755 | Elf:1    | Killed a sphinx
 33772 | Elf:1    | HP: 7/157 [sphinx/divine providence (13)]
 33965 | Elf:1    | Killed a sphinx
 35960 | Swamp:3  | Reached skill level 15 in Armour
 35977 | Swamp:3  | Reached XP level 18. HP: 122/166 MP: 17/22
 36627 | Swamp:4  | Entered Level 4 of the Swamp
 36898 | Swamp:4  | Noticed Bai Suzhen
 36914 | Swamp:4  | Killed Bai Suzhen
 37255 | Swamp:4  | Reached skill level 20 in Long Blades
 37366 | Swamp:4  | Got a decaying rune of Zot
 37882 | Snake:1  | Entered Level 1 of the Snake Pit
 37950 | Snake:1  | Identified the amulet "Gimuz" {Inacc Str+4 Int+2}
 38032 | Snake:1  | Reached ****** piety under Ashenzari
 38374 | Snake:1  | Found a transporter.
 38375 | Snake:1  | Identified the +4 spear of the Girdle {protect, *Noise
                  | +Rage rN++ Stlth+}
 38395 | Snake:1  | Identified the cursed +0 leather armour of Mumnesk {rElec
                  | Int+2}
 38396 | Snake:1  | Found a bloodstained altar of Trog.
 38403 | Snake:1  | Noticed Yorgos's ghost (adept SpSk)
 38409 | Snake:1  | Found a transporter.
 39267 | Snake:2  | Found Cuxuigoygh's Jewellery Boutique.
 39268 | Snake:2  | Found Daepou Haxi's Gadget Emporium.
 39269 | Snake:2  | Found Jigromp's Jewellery Boutique.
 39282 | Snake:2  | Bought an uncursed ring of resist corrosion for 280 gold
                  | pieces
 40153 | Snake:3  | Noticed Louise
 40162 | Snake:3  | Cast into level 3 of the Abyss (Louise)
 40163 | Abyss:3  | Noticed a tentacled monstrosity
 40163 | Abyss:3  | Noticed a tentacled monstrosity
 40166 | Abyss:3  | Got an abyssal rune of Zot
 40178 | Abyss:3  | Killed a tentacled monstrosity
 40178 | Abyss:3  | Reached XP level 19. HP: 68/177 MP: 10/24
 40181 | Abyss:3  | Killed a tentacled monstrosity
 40216 | Abyss:4  | Found a corrupted altar of Lugonu.
 40218 | Snake:3  | Escaped the Abyss
 40230 | Snake:3  | Killed Louise
 40953 | Snake:4  | Entered Level 4 of the Snake Pit
 41660 | Snake:4  | HP: 6/179 [poisoned by a naga warrior (splash of poison)]
 41661 | Snake:4  | HP: 1/179 [poisoned by a naga warrior (splash of poison)]
 41662 | Snake:4  | Killed from afar by a shock serpent

Levels and vault maps discovered:
D:1:      dpeg_arrival_simpleton_a, layout_basic, tso_metal_star
D:2:      layout_basic, corexii_corridor_pit, uniq_sigmund
D:3:      layout_basic, first_ration, uniq_robin
D:4:      layout_basic, grunt_temple_overflow_forces_of_nature
D:5:      layout_loops_ring, minmay_temple_entry_arrows
D:6:      layout_loops_ring, ebering_ghost_disaster_area,
          nicolae_dithmenos_shadow_blocks
D:7:      layout_basic, uniq_duvessa
D:8:      layout_rooms
D:9:      layout_loops_ring, minmay_orc_entry_temple_small
D:10:     layout_basic, erik_lair_island, serial_shops, shop
D:11:     layout_irregular_city
D:12:     layout_basic, portal_ice_cave_entry_pillars_2, hangedman_ranch
          [blue_anna_fruit_fields], minivault_7, uniq_josephine
D:13:     layout_gridville, david_vaults_4, special_room [special_room_orc]
D:14:     minmay_outward_triangles, layout_long_grid, serial_bayou_shore_a
D:15:     grunt_enter_depths_hoard, layout_loops_ring,
          hangedman_abyss_or_decor_clamps, minmay_joined_circles
Temple:   regret_index_temple_chain_breaker
Lair:1:   layout_roguey, roderic_batcave, minmay_lair_oklob_bushes,
          lemuel_fruit_tree
Lair:2:   layout_gridlike, basic_altar, grunt_megastairs_5
Lair:3:   layout_big_grid, minmay_swamp_entry_worms,
          minmay_snake_entry_guardpost_small, hangedman_lair_generics_rect,
          uniq_rupert
Lair:4:   lemuel_slime, layout_gridlike
Lair:5:   minmay_guarded_unrand_snakebite, layout_long_grid, slime_altar_1,
          lemuel_centaur_altar, grunt_megastairs_3
Lair:6:   hangedman_lair_in_review, layout_gridlike
Swamp:1:  layout_basic_swamp, nicolae_swamp_very_dense_foliage
Swamp:2:  layout_falls_marsh, nicolae_swamp_stair_fork, swamp_pool4,
          cheibrodos_swamp_slimy, infiniplex_staircase_pool
Swamp:3:  layout_basic_swamp, hangedman_swamp_ruin_wall
Swamp:4:  swamp_icy, layout_basic_swamp, swamp_pool2, uniq_bai_suzhen
Snake:1:  layout_misc_corridors, gammafunk_ghost_wrathful_warriors
Snake:2:  layout_layer_cave, serial_bayou_lake_a, minmay_shop_grove
Snake:3:  layout_concentric_octagons, drop_trap, uniq_louise
Snake:4:  johnstein_snake_rune_scales, layout_cave_shapes, grunt_megastairs_1
Orc:1:    layout_diamond_mine, ebering_ghost_reflecting_pool, uniq_snorg,
          uniq_sonja
Orc:2:    st_orc_open, layout_diamond_mine, uniq_saint_roka
Elf:1:    eino_elf_arrival_the_gate, layout_gridlike,
          nicolae_trove_entry_crossroad, special_room
          [special_room_mythical_zoo], minmay_elf_demonology

Skill      XL: |  1  2  3  4  5  6  7  8  9 10 11 12 13 14 15 16 17 18 |
---------------+-------------------------------------------------------+-----
Fighting       | 3 4 5 7 8 9 11 12 13 14 15 16 17 | 17.8
Long Blades    | 4 5 6 7 9 11 12 13 15 16 17 19 20 | 20.3
Armour         | 2 3 4 6 7 8 9 11 12 13 14 15 16 | 16.5
Stealth        | 1 2 3 4 5 |  5.0
Dodging        | 3 4 5 6 7 8 9 10 11 12 13 | 13.4
Evocations     | 1 4 5 7 |  7.7
Throwing       | |  1.7

Action                   |  1- 3 |  4- 6 |  7- 9 | 10-12 | 13-15 | 16-18 | 19-21 || total
-------------------------+-------+-------+-------+-------+-------+-------+-------++-------
Melee: Long sword        |    36 |   122 |   116 |   847 |    20 |       |       ||  1141
       Dagger            |       |       |   313 |    14 |       |       |       ||   327
       Short sword       |       |       |    48 |   289 |       |       |       ||   337
       Falchion          |       |       |       |       |   560 |       |       ||   560
       Scimitar          |       |       |       |       |   321 |       |       ||   321
       Great sword       |       |       |       |       |   651 |  1383 |   270 ||  2304
Throw: Throwing net      |       |       |     4 |     1 |       |       |       ||     5
Invok: Curse Item        |       |       |       |       |       |     7 |       ||     7
Evoke: Wand              |       |       |     1 |    19 |    34 |     2 |     1 ||    57
  Use: Potion            |     6 |     3 |       |    18 |     7 |     7 |     3 ||    44
       Scroll            |     1 |     3 |     5 |    14 |    13 |    10 |     3 ||    49
 Stab: Sleeping          |       |     1 |     5 |     2 |       |     1 |       ||     9
       Held in net/web   |       |       |     2 |       |       |       |       ||     2
       Invisible         |       |       |       |       |     5 |    25 |     1 ||    31
       Petrified         |       |       |       |       |     7 |       |       ||     7
  Eat: Chunk             |       |     5 |    16 |    28 |    41 |    27 |     2 ||   119
       Ration            |       |       |       |     4 |     1 |     3 |     1 ||     9
Armor: Leather armour    |     9 |     2 |       |       |       |       |       ||    11
       Ring mail         |       |    70 |    89 |       |       |       |       ||   159
       Scale mail        |       |       |    98 |   198 |       |       |       ||   296
       Plate armour      |       |       |       |   155 |       |       |       ||   155
       Troll leather arm |       |       |       |    90 |       |       |       ||    90
       Gold dragon scale |       |       |       |    94 |  1127 |  1149 |   177 ||  2547
       Skin              |       |       |       |    28 |       |       |       ||    28
Dodge: Dodged            |    19 |   129 |   309 |   772 |   782 |  1194 |   208 ||  3413
       Rpst.: Long sword |     4 |    41 |    26 |   142 |     3 |       |       ||   216
       Falchion          |       |       |       |       |    60 |       |       ||    60
       Scimitar          |       |       |       |       |    23 |       |       ||    23
       Great sword       |       |       |       |       |   100 |   230 |    31 ||   361

Table legend:
 A = Non-vault XP
 B = Vault XP
 C = Vault XP percentage of total XP
 D = Non-vault monster count
 E = Vault monster count
 F = Vault count percentage of total count
                 A         B        C        D         E       F
            +---------+---------+-------+---------+---------+-------
      Total |  230495 |  124222 |  35.0 |     855 |     369 |  30.1
            +---------+---------+-------+---------+---------+-------
        D:1 |       4 |       0 |   0.0 |       3 |       0 |   0.0
        D:2 |      38 |     223 |  85.4 |      13 |       1 |   7.1
        D:3 |     132 |      36 |  21.4 |      18 |      11 |  37.9
        D:4 |     633 |       0 |   0.0 |      25 |       0 |   0.0
        D:5 |    1042 |       0 |   0.0 |      26 |       0 |   0.0
        D:6 |     580 |     650 |  52.8 |      20 |       1 |   4.8
        D:7 |    1605 |     220 |  12.1 |      28 |       2 |   6.7
        D:8 |     900 |       0 |   0.0 |      27 |       0 |   0.0
        D:9 |    1704 |     203 |  10.6 |      25 |       7 |  21.9
       D:10 |    3109 |     997 |  24.3 |      18 |       9 |  33.3
       D:11 |    3835 |       0 |   0.0 |      43 |       0 |   0.0
       D:12 |    4908 |    6482 |  56.9 |      25 |      36 |  59.0
       D:13 |    8045 |    3682 |  31.4 |      32 |      22 |  40.7
       D:14 |   16597 |    5158 |  23.7 |      54 |      14 |  20.6
       D:15 |    8991 |    3136 |  25.9 |      31 |       9 |  22.5
     Lair:1 |    6170 |     565 |   8.4 |      29 |       8 |  21.6
     Lair:2 |    3093 |     749 |  19.5 |      15 |       4 |  21.1
     Lair:3 |    4876 |    7030 |  59.0 |      21 |      13 |  38.2
     Lair:4 |    6103 |     753 |  11.0 |      16 |      24 |  60.0
     Lair:5 |    2612 |    1796 |  40.7 |      12 |      14 |  53.8
     Lair:6 |   12134 |   11243 |  48.1 |      32 |      21 |  39.6
    Swamp:1 |   13557 |       0 |   0.0 |      45 |       0 |   0.0
    Swamp:2 |   13478 |       0 |   0.0 |      37 |       0 |   0.0
    Swamp:3 |   13816 |       0 |   0.0 |      38 |       0 |   0.0
    Swamp:4 |   15503 |   11920 |  43.5 |      30 |      31 |  50.8
    Snake:1 |   10354 |       0 |   0.0 |      19 |       0 |   0.0
    Snake:2 |   10728 |       0 |   0.0 |      18 |       0 |   0.0
    Snake:3 |   23328 |    1591 |   6.4 |      47 |       1 |   2.1
    Snake:4 |   17900 |    4719 |  20.9 |      38 |      15 |  28.3
      Orc:1 |    1283 |   10808 |  89.4 |      15 |      20 |  57.1
      Orc:2 |    1700 |   14911 |  89.8 |      20 |      31 |  60.8
      Elf:1 |   21461 |   22077 |  50.7 |      34 |      31 |  47.7
    Abyss:3 |     276 |    5028 |  94.8 |       1 |       2 |  66.7
      IceCv |       0 |   10245 | 100.0 |       0 |      42 | 100.0
            +---------+---------+-------+---------+---------+-------
